 Dungeon Crawl Stone Soup version 0.29.1-15-g9cfb28693d (webtiles) character file.

Game seed: 16594225804400354663

231 promet the Chopper (level 6, -1/53 HPs)
             Began as a Hill Orc Fighter on Apr 7, 2023.
             Slain by a gnoll sergeant
             ... wielding a +1 spear of pain
              (7 damage)
             ... on level 3 of the Dungeon.
             The game lasted 00:16:37 (3953 turns).

promet the Chopper (Hill Orc Fighter)               Turns: 3953, Time: 00:16:38

Health: -1/53      AC:  8    Str: 19    XL:     6   Next: 4%
Magic:  6/6        EV:  9    Int: 10    God:
Gold:   135        SH:  4    Dex: 10    Spells: 5/5 levels left

rFire   . . .      SeeInvis .   a - +0 war axe
rCold   . . .      Faith    .   c - +0 buckler
rNeg    . . .      Spirit   .   b - +0 scale mail
rPois   .          Reflect  .   (no helmet)
rElec   .          Harm     .   (no cloak)
rCorr   .          Rampage  .   (no gloves)
Will    .....                   l - +0 pair of boots
Stlth   ..........              (no amulet)
HPRegen 0.17/turn               (no ring)
MPRegen 0.10/turn               (no ring)

@: no status effects
A: no striking features
a: no special abilities


You were on level 3 of the Dungeon.
You visited 1 branch of the dungeon, and saw 3 of its levels.

You collected 135 gold pieces.

Inventory:

Hand Weapons
 a - a +0 war axe (weapon)
 e - a +0 dagger of venom
 k - a +2 whip of draining
 n - a +0 spear
Missiles
 i - 30 stones (quivered)
Armour
 b - a +0 scale mail (worn)
 c - a +0 buckler (worn)
 l - a +0 pair of boots (worn)
Jewellery
 d - an amulet of faith
Potions
 f - 5 potions of curing
 g - 3 potions of mutation {unknown}
 h - a potion of heal wounds {unknown}
 j - a potion of haste {unknown}
 m - a potion of lignification {unknown}
 o - a potion of experience {unknown}


   Skills:
 + Level 4.3 Fighting
 + Level 5.5 Axes
 + Level 0.1 Throwing
 + Level 4.4 Armour
 + Level 0.7 Dodging
 + Level 0.3 Stealth
 + Level 4.1 Shields


You had 5 spell levels left.
You didn't know any spells.
Your spell library was empty.

Dungeon Overview and Level Annotations

Branches:
Dungeon (3/15)

Altars:

Shops:
D:1 !


Message History

The gnoll sergeant is heavily wounded.
The gnoll sergeant hits you but does no damage.
You writhe in agony.
You hit the gnoll sergeant but do no damage.
The gnoll sergeant is heavily wounded.
You block the gnoll sergeant's attack.
The gnoll sergeant hits you with a +1 spear of pain.
You hit the gnoll sergeant but do no damage.
The gnoll sergeant is heavily wounded.
The gnoll sergeant hits you but does no damage.
You completely miss the gnoll sergeant.
The gnoll sergeant is heavily wounded.
The gnoll sergeant hits you with a +1 spear of pain!
You closely miss the gnoll sergeant.
The gnoll sergeant is heavily wounded.
The gnoll sergeant hits you with a +1 spear of pain.
You writhe in agony.
You closely miss the gnoll sergeant.
The gnoll sergeant is heavily wounded.
The gnoll sergeant hits you with a +1 spear of pain. x2
You hit the gnoll sergeant.
The gnoll sergeant is heavily wounded.
The gnoll sergeant hits you with a +1 spear of pain.
You writhe in agony.
You hit the gnoll sergeant.
The gnoll sergeant is heavily wounded.
The gnoll sergeant hits you with a +1 spear of pain.
You writhe in agony.
* * * LOW HITPOINT WARNING * * *
You hit the gnoll sergeant but do no damage.
The gnoll sergeant is heavily wounded.
The gnoll sergeant barely misses you.
The gnoll hits you from afar with a +0 halberd!
* * * LOW HITPOINT WARNING * * *
As you read the scroll of fear, it crumbles to dust.
You assume a fearsome visage.
The gnoll sergeant looks frightened!
The gnoll looks frightened!
The gnoll sergeant shouts!
The gnoll sergeant hits you from afar with a +1 spear of pain!
You die...

#.....g...........
#.##g###..#.#.###.
#.##.# #..#.#.# ##
#.##.# #..#.#.#
##.##.# #..#.#.####
#...#.###..#.#.....
#.#.g.#.........)..
#...###.#..#.######
##@## #.#....# #.#
#.#.##.# #.#
#.#.##.#
#.####.#.##.#
#...........######
#.####.#.##......#
#.# #.#.#######.#
#.# #......# #.#
#.# ###..#.# #.#


You could see a gnoll sergeant.

Vanquished Creatures
  A phantom (D:3)
  4 gnolls (D:3)
  6 adders
  2 worms
  A dart slug (D:1)
  5 endoplasms
  4 giant cockroaches (D:1)
  7 goblins
  5 hobgoblins
  2 jackals
  2 quokkas
  8 ball pythons
  2 bats
  3 frilled lizards
  7 kobolds
  3 rats
62 creatures vanquished.

Notes
Turn   | Place    | Note
-------+----------+-------------------------------------------
     0 | D:1      | promet the Hill Orc Fighter began the quest for the Orb.
     0 | D:1      | Reached XP level 1. HP: 19/19 MP: 1/1
   269 | D:1      | Reached XP level 2. HP: 11/27 MP: 2/2
   307 | D:1      | HP: 1/27 [quokka (4)]
   632 | D:1      | Found Esisten's Distillery.
   905 | D:1      | Reached skill level 3 in Axes
   905 | D:1      | Reached XP level 3. HP: 33/33 MP: 3/3
  1793 | D:2      | Reached XP level 4. HP: 38/39 MP: 4/4
  2111 | D:3      | Noticed a phantom
  2278 | D:3      | Reached skill level 4 in Axes
  2301 | D:3      | Noticed a gnoll sergeant
  2313 | D:3      | HP: 2/40 [gnoll/+0 halberd[a gnoll sergeant] (4)]
  3245 | D:3      | Reached XP level 5. HP: 42/46 MP: 5/5
  3665 | D:3      | Killed a phantom
  3666 | D:3      | Reached skill level 5 in Axes
  3785 | D:3      | Reached XP level 6. HP: 48/53 MP: 6/6
  3953 | D:3      | Slain by a gnoll sergeant

Illustrated notes

Levels and vault maps discovered:
D:1:      dpeg_arrival_rooms_c, layout_basic, serial_shops, shop
D:2:      layout_rooms
D:3:      layout_loops_ring

Skill      XL: |  1  2  3  4  5 |
---------------+----------------+-----
Axes           | 3 4 5 |  5.5
Fighting       | 4 |  4.3
Shields        | 4 |  4.1
Armour         | 4 |  4.4
Throwing       | |  0.1
Dodging        | |  0.7
Stealth        | |  0.3

Action                   |  1- 3 |  4- 6 || total
-------------------------+-------+-------++-------
Melee: War axe           |   104 |    85 ||   189
Throw: Stone             |       |     4 ||     4
  Use: Scroll            |     4 |     4 ||     8
       Potion            |       |     1 ||     1
Armor: Scale mail        |    33 |    34 ||    67
Dodge: Dodged            |    48 |    39 ||    87
Block: Buckler           |    23 |    19 ||    42
